 Dungeon Crawl Stone Soup version 0.17.0-28-g6e173f8 (webtiles) character file.

81 PossumBlood the Conjurer (level 4, -2/24 HPs)
             Began as a Deep Elf Conjurer on Nov 25, 2015.
             Killed by divine providence
             ... invoked by an orc priest
              (12 damage)
             ... on level 3 of the Dungeon.
             The game lasted 00:06:52 (1876 turns).

PossumBlood the Conjurer (Deep Elf Conjurer)        Turns: 1876, Time: 00:06:53

Health: -2/24      AC:  4    Str:  5    XL:     4   Next: 20%
Magic:  1/11       EV: 13    Int: 21    God:
Gold:   98         SH:  0    Dex: 15    Spells: 1 memorised, 9 levels left

rFire  . . .     SeeInvis .     f - +0 dagger
rCold  . . .     Clarity  .     a - +1 robe
rNeg   . . .     SustAt   .     (no shield)
rPois  .         Gourm    .     (no helmet)
rElec  .         Spirit   .     (no cloak)
rCorr  .         Warding  .     (no gloves)
rMut   .         Stasis   .     i - +0 pair of boots
MR     .....                    (no amulet)
Stlth  ++........               (no ring)
                                (no ring)

@: not resistant to hostile enchantments, unstealthy
A: no striking features
a: no special abilities


You were on level 3 of the Dungeon.
You were not hungry.

You visited 1 branch of the dungeon, and saw 3 of its levels.

You collected 98 gold pieces.

Inventory:

Hand Weapons
 d - a +0 club
 f - a +0 dagger (weapon)
 l - a +0 morningstar of holy wrath
Armour
 a - a +1 robe (worn)
 i - a +0 pair of boots (worn)
Jewellery
 k - an uncursed ring of protection from magic {unknown}
Scrolls
 e - 2 scrolls of identify
 h - a scroll of magic mapping
Potions
 g - a potion of mutation {unknown}
Books
 b - a book of Conjurations

   Spells                             Type                      Level
   a - Magic Dart                     Conjuration                  1
   b - Searing Ray                    Conjuration                  2
   c - Dazzling Spray                 Conjuration/Hexes            3
   d - Fulminant Prism                Conjuration/Hexes            4
   e - Iskenderun's Mystic Blast      Conjuration                  4
   f - Iskenderun's Battlesphere      Conjuration/Charms           5
Comestibles
 c - 2 bread rations
 j - a meat ration


   Skills:
 + Level 0.2 Fighting
 + Level 2.8 Dodging
 + Level 3.2 Stealth
 + Level 3.7 Spellcasting
 + Level 5.4 Conjurations


You had 9 spell levels left.
You knew the following spells:

 Your Spells              Type           Power        Failure   Level  Hunger
a - Magic Dart            Conj           ####         1%          1    None


Dungeon Overview and Level Annotations

Branches:
Dungeon (3/15)

Altars:


Message History

Casting: Magic Dart
Confirm with . or Enter, or press ? or * to list all spells.
Aiming: Magic Dart
Press: ? - help, Shift-Dir - straight line, f - orc priest
Aim: an orc priest, wielding a whip and wearing a ring mail The magic dart hits the orc priest.
The orc shouts!
The kobold shouts!
The kobold shoots a poisoned needle.
The poisoned needle completely misses you.
Casting: Magic Dart
Confirm with . or Enter, or press ? or * to list all spells.
Aiming: Magic Dart
Press: ? - help, Shift-Dir - straight line, f/p - orc priest
Aim: an orc priest, wielding a whip and wearing a ring mail The magic dart hits the orc priest.
The orc priest is lightly wounded.
The orc priest calls down the wrath of Beogh upon you.
Something smites you!
Ouch! That really hurt!
You die...

.......# *,**,,,,,,,,,..,,#.....#
.#.###.# *,**#.#****,*#...#.#.#.#
.#.# #.# #,# #.# *,*#..........
.#.###.###.###.## *.##..##.#.#.#
................# #.##..#)......
.#....†....##...# #....o)....###
.#####.###.##.K.# #..#.#.#.###..
.#####.###.##...####........###.#
...##.......##..@o...o#.#.#.))...
#...#..###..#...####......)..##.#
.......# #............#.#.#..##.#
#...#†#####.#....###.........##)#
##.#.............# #.###..##.##)#
#.#..#####†##.#.###.###†.##.##..
#.#..# #.##.##.............#..
##.#..# #.##...........###..#..
#.....# #.#####........).......


You could see an orc priest, an orc and a kobold.

Vanquished Creatures
  An adder (D:3)
  An ooze (D:3)
  2 giant geckos
  9 orcs (D:3)
  4 bats
  2 giant cockroaches (D:3)
  7 goblins
  9 hobgoblins
  5 jackals
  3 quokkas (D:3)
  A giant newt (D:1)
  6 kobolds
  3 rats
53 creatures vanquished.

Notes
Turn   | Place    | Note
--------------------------------------------------------------
     0 | D:1      | PossumBlood the Deep Elf Conjurer began the quest for the Orb.
     0 | D:1      | Reached XP level 1. HP: 10/10 MP: 6/6
   165 | D:1      | Reached XP level 2. HP: 4/15 MP: 0/8
   962 | D:1      | Reached skill level 5 in Conjurations
  1250 | D:3      | Reached XP level 3. HP: 17/19 MP: 0/9
  1720 | D:3      | Reached XP level 4. HP: 24/24 MP: 5/11
  1876 | D:3      | Killed from afar by an orc priest

Action                   |  1- 3 |  4- 6 || total
-------------------------+-------+-------++-------
Melee: Club              |     3 |       ||     3
       Dagger            |     4 |       ||     4
 Cast: Magic Dart        |    84 |    22 ||   106
  Use: Scroll            |     6 |     1 ||     7
  Eat: Bread ration      |     1 |       ||     1
